 Dungeon Crawl Stone Soup version 0.31-a0-1161-g593ecc88b7 (webtiles) character file.

Game seed: 16444021110187494342

569 Dirtsage the Changeling (level 7, -1/46 HPs)
             Began as an Octopode Shapeshifter on Dec 8, 2023.
             Was a Follower of Elyvilon.
             Slain by a centaur (6 damage)
             ... on level 5 of the Dungeon.
             The game lasted 00:04:19 (4131 turns).

Dirtsage the Changeling (Octopode Shapeshifter)     Turns: 4131, Time: 00:04:20

Health: -1/46      AC:  1    Str: 13    XL:     7   Next: 33%
Magic:  7/7        EV: 14    Int: 12    God:    Elyvilon [*.....]
Gold:   270        SH:  0    Dex: 14    Spells: 6/6 levels left

rFire   + .          .
                       - Unarmed
rCold   . . .        (no shield)
rNeg    . . .        (helmet currently unavailable)
rPois   .            (no amulet)
rElec   .            F - ring of protection from fire
rCorr   .            (no ring)
SInv    .            (no ring)
Will    .....        (no ring)
Stlth   ++           (no ring)
HPRegen 0.27/turn    (no ring)
MPRegen 0.10/turn    (no ring)
                     (no ring)

%: no passive effects
@: beast-form
A: beast (slay +3), almost no armour, amphibious, 8 rings, camouflage 1,
gelatinous body 1, (nimble swimmer 1), tentacles
a: Begin Untransformation, Renounce Religion, Purification


You were on level 5 of the Dungeon.
You worshipped Elyvilon.
Elyvilon was aware of your devotion.
You were a hulking beast.
You visited 2 branches of the dungeon, and saw 6 of its levels.

You collected 270 gold pieces.

Inventory:

Magical Staves
 i - a staff of death
Jewellery
 F - a ring of protection from fire (left tentacle)
Talismans
 b - a beast talisman
 c - a flux talisman
Scrolls
 a - 3 scrolls of identify {unknown}
 f - a scroll of blinking {unknown}
 g - a scroll of revelation {unknown}
 j - a scroll of fear {unknown}
 k - a scroll of teleportation {unknown}
 l - a scroll of noise {unknown}
 m - a scroll of immolation {unknown}
 n - a scroll of enchant armour {unknown}
 o - a scroll of vulnerability {unknown}
Potions
 d - a potion of might {unknown}
 e - a potion of haste {unknown}
 h - 2 potions of heal wounds {unknown}
 p - a potion of curing {unknown}
 q - a potion of ambrosia {unknown}
 r - a potion of lignification


   Skills:
 + Level 3.3 Fighting
 + Level 3.8 Dodging
 + Level 4.5 Unarmed Combat
 * Level 5.3 Shapeshifting


You had 6 spell levels left.
You didn't know any spells.
Your spell library contained the following spells:

 Spells                   Type           Power      Damage    Failure   Level
 Freeze                   Ice            0%         1d3       32%         1
 Slow                     Hex            0%         N/A       32%         1
 Confusing Touch          Hex            0%         N/A       69%         3
 Frozen Ramparts          Ice            0%         1d1       69%         3
 Hailstorm                Conj/Ice       0%         3d5       69%         3
 Sigil of Binding         Hex            0%         N/A       69%         3
 Tukima's Dance           Hex            0%         N/A       69%         3
 Vampiric Draining        Necr           0%         2d6       69%         3
 Dimensional Bullseye     Hex/Tloc       0%         N/A       97%         4
 Iskenderun's Mystic Bla  Conj/Tloc      0%         2d3       97%         4


Dungeon Overview and Level Annotations

Branches:
Dungeon (5/15)             Temple (1/1) D:4

Altars:
Ashenzari
Cheibriados
Dithmenos
Elyvilon
Fedhas
Gozag
Hepliaklqana
Kikubaaqudgha
Makhleb
Nemelex Xobeh
Okawaru
Qazlal
Ru
Trog
Uskayaw
Vehumet
Xom
Zin

Annotations:
D:5 1 runed translucent door, Crazy Yiuf


Innate Abilities, Weirdness & Mutations

You are a hulking beast.
Your limbs bulge with bestial killing power. (Slay +3)
You cannot wear most types of armour.
You are amphibious.
You can wear up to eight rings at the same time.
Your skin changes colour to match your surroundings (Stealth+).
Your rubbery body absorbs attacks. (AC +1, EV +1)
((You are camouflaged when in or above water. (Stealth+)))
You have tentacles for arms and can constrict up to eight enemies at once.


Message History

You barely miss the iguana.
You squeeze the iguana, but do no damage.
The iguana is almost dead.
You constrict the iguana.
You kill the iguana!
HP restored.
You see here a +0 ring mail.
You now have 270 gold pieces (gained 18).
An orc comes into view. It is wielding a +0 flail.
Health restored: 46 A centaur comes into view.
The centaur shouts!
The centaur wields a +0 orcbow.
The centaur shoots an arrow.
The arrow hits you.
The centaur shoots an arrow.
The arrow hits you!
You take 20 damage, and have 26/46 hp.
MASSIVE DAMAGE!!
Found a stone staircase leading down.
The centaur shoots an arrow.
The arrow closely misses you.
The centaur shoots an arrow.
The arrow closely misses you.
The centaur unwields a +0 orcbow.
The centaur misses you. The centaur closely misses you.
You barely miss the centaur. The centaur hits you. The centaur misses you.
The orc hits you with a +0 flail.
You take 6 damage, and have 22/46 hp.
You tentacle-slap the centaur.
You squeeze the centaur, but do no damage.
The centaur is moderately wounded.
The centaur hits you. The centaur misses you. The orc hits you with a +0 flail!
* * * LOW HITPOINT WARNING * * *
The centaur closely misses you. The centaur misses you.
You take 14 damage, and have 8/46 hp.
MASSIVE DAMAGE!!
You tentacle-slap the centaur. x2; Your squeeze misses the centaur.
The centaur is severely wounded.
The centaur closely misses you. The centaur kicks you.
* * * LOW HITPOINT WARNING * * *
The orc completely misses you.
You take 3 damage, and have 5/46 hp.
You tentacle-slap the centaur.
The centaur is severely wounded.
The centaur hits you.
You die...

#....#..# ##.....## #...
#.....####.......# ##..#
#.....##........###..##
##...................##
#.............###.....#
.....##.....#...####.###.##
.....# ##....##..# #..# ##.#
.c#.. ##oc###..###.## ##..
.... ##h####.##..####...
.... #...# #.....##....#
..............##.........###
....................###
...................##
......####.......### .##...
##........# ###>
..........###### ##
......รท........###


You could see a centaur and an orc.

Vanquished Creatures
  An ice beast (D:4)
  An ogre (D:4)
  A phantom (D:4)
  4 orc priests
  3 orc wizards (D:3)
  2 iguanas
  An adder (D:3)
  2 worms
  A dart slug (D:4)
  10 orcs
  4 endoplasms
  A giant cockroach (D:1)
  4 goblins
  4 hobgoblins
  A quokka (D:3)
  9 ball pythons
  3 bats
  A frilled lizard (D:2)
  7 kobolds
  8 rats
68 creatures vanquished.

Notes
Turn   | Place    | Note
-------+----------+-------------------------------------------
     0 | D:1      | Dirtsage the Octopode Shapeshifter began the quest for the
                  | Orb.
     0 | D:1      | Reached XP level 1. HP: 13/13 MP: 1/1
   336 | D:1      | Reached XP level 2. HP: 5/18 MP: 2/2
  1555 | D:3      | Reached XP level 3. HP: 23/23 MP: 3/3
  1902 | D:3      | Found a white marble altar of Elyvilon.
  1959 | D:3      | Became a worshipper of Elyvilon the Healer
  1982 | D:3      | Found a broken altar of Ashenzari.
  2014 | D:3      | Reached XP level 4. HP: 23/29 MP: 4/4
  2221 | D:3      | Reached skill level 4 in Shapeshifting
  2221 | D:3      | Reached XP level 5. HP: 16/34 MP: 5/5
  2792 | D:4      | Reached XP level 6. HP: 32/41 MP: 6/6
  3093 | D:4      | Reached * piety under Elyvilon
  3117 | D:4      | Noticed an ice beast
  3163 | D:4      | Killed an ice beast
  3164 | D:4      | Reached skill level 5 in Shapeshifting
  3229 | D:4      | Found a sparkling altar of Nemelex Xobeh.
  3295 | D:4      | Reached XP level 7. HP: 46/46 MP: 7/7
  3309 | D:4      | Identified the +9 rapier "Vyfonut" {pain, Str+4}
  3392 | D:4      | Found a staircase to the Ecumenical Temple.
  3401 | Temple   | Entered the Ecumenical Temple
  3808 | D:5      | Entered Level 5 of the Dungeon
  3842 | D:5      | Found a runed translucent door.
  3843 | D:5      | Noticed Crazy Yiuf
  4131 | D:5      | Slain by a centaur

Illustrated notes

Levels and vault maps discovered:
D:1:      amcnicky_arrival_abandoned_market, layout_basic,
          chequers_serial_rivers_room_b
D:2:      layout_basic
D:3:      layout_basic, lemuel_crystal_altar, amcnicky_altar_gilded,
          hangedman_glass_teeth
D:4:      layout_basic, lemuel_round_altar, minmay_temple_entry_hall,
          roderic_roman_lattice, serial_bayou_pond_e, grunt_ministairs_5
D:5:      layout_layer_cave, jmf_multi_god_temple2, uniq_crazy_yiuf_cottage,
          uniq_eustachio, uniq_edmund, uniq_blork_the_orc, uniq_ijyb
Temple:   nicolae_temple_no_exploring_needed

Skill      XL: |  1  2  3  4  5  6 |
---------------+-------------------+-----
Fighting       | 2 3 |  3.3
Shapeshifting  | 4 5 |  5.3
Dodging        | 3 |  3.8
Unarmed Combat | 4 |  4.5

Action                     |  1- 3 |  4- 6 |  7- 9 || total
---------------------------+-------+-------+-------++-------
  Melee: Unarmed           |    59 |    80 |    26 ||   165
         Constrict         |    14 |    19 |     4 ||    37
         Tentacles         |    13 |    20 |     8 ||    41
         Punch             |       |     2 |     1 ||     3
    Use: Potion            |       |     1 |       ||     1
   Stab: Sleeping          |     4 |     1 |     2 ||     7
         Distracted        |     1 |       |       ||     1
 Armour: Skin              |    22 |    27 |    15 ||    64
  Dodge: Dodged            |    25 |    39 |    16 ||    80

Table legend: (Time is in decaauts)
 A = Elapsed time spent in this place.
 B = Non-inter-level travel time spent in this place.
 C = Inter-level travel time spent in this place.
 D = Time resting spent in this place.
 E = Time spent auto-exploring this place.
 F = Levels seen in this place.
 G = Mean time per level.
                   A        B        C        D        E       F      G
               +--------+--------+--------+--------+--------+-----+--------+
         Total |   4117 |   3986 |    131 |      0 |   3501 |   6 |  686.2 |
       Dungeon |   4116 |   3985 |    131 |      0 |   3501 |   5 |  823.2 |
        Temple |      1 |      1 |      0 |      0 |      0 |   1 |    1.0 |
               +--------+--------+--------+--------+--------+-----+--------+

Top non-repeatable levels by time:
     D:3: 1210 daAuts
     D:4: 1092 daAuts
     D:1: 1072 daAuts
     D:2: 418 daAuts
     D:5: 321 daAuts
  Temple: 1 daAuts
